 Dungeon Crawl Stone Soup version 0.22-a0-515-g75794bf (webtiles) character file.

165 Supahsalami the Chopper (level 5, -6/47 HPs)
             Began as a Minotaur Berserker on June 19, 2018.
             Was a Priest of Trog.
             Mangled by a gnoll
             ... wielding a +0 club
              (7 damage)
             ... on level 3 of the Dungeon.
             The game lasted 00:11:03 (3139 turns).

Supahsalami the Chopper (Minotaur Berserker)        Turns: 3139, Time: 00:11:05

Health: -6/47      AC:  3    Str: 23    XL:     5   Next: 21%
Magic:  4/4        EV: 12    Int:  4    God:    Trog [***...]
Gold:   145        SH:  0    Dex:  9    Spells: 4/4 levels left

rFire    . . .     SeeInvis .   a - +0 hand axe
rCold    . . .     Gourm    .   (no shield)
rNeg     . . .     Faith    .   p - +0 leather armour (curse)
rPois    .         Spirit   .   (helmet restricted)
rElec    .         Reflect  .   (no cloak)
rCorr    .         Harm     .   (no gloves)
MR       ++...                  (no boots)
Stlth    +.........             (no amulet)
HPRegen  1.15/turn              (no ring)
MPRegen  0.09/turn              (no ring)

@: regenerating
A: retaliatory headbutt, horns 2
a: Berserk, Trog's Hand, Renounce Religion


You were on level 3 of the Dungeon.
You worshipped Trog.
Trog was most pleased with you.
You were very hungry.

You visited 1 branch of the dungeon, and saw 4 of its levels.

You collected 145 gold pieces.

Inventory:

Hand Weapons
 a - a +0 hand axe (weapon)
 x - a +1 hunting sling of flaming
Missiles
 e - 70 stones
 h - 4 tomahawks (quivered)
 j - 4 poisoned javelins
 k - 4 needles of frenzy
Armour
 g - a +0 ring mail
 p - a cursed +0 leather armour (worn)
Jewellery
 m - an uncursed amulet of faith {unknown}
 r - a cursed ring of loudness {unknown}
Scrolls
 d - a scroll of amnesia {unknown}
 i - 6 scrolls of identify {unknown}
 l - 3 scrolls of teleportation
 q - 3 scrolls of remove curse {unknown}
 s - a scroll of blinking {unknown}
 t - 2 scrolls of random uselessness {unknown}
 v - a scroll of immolation {unknown}
Potions
 b - a potion of degeneration {unknown}
 f - a potion of haste {unknown}
 n - a potion of ambrosia {unknown}
 o - a potion of cancellation {unknown}
 w - a potion of heal wounds {unknown}
Comestibles
 c - 2 rations
 u - 5 chunks of flesh


   Skills:
 + Level 4.7 Fighting
 * Level 5.4 Axes
 + Level 1.3 Throwing
 + Level 3.5 Armour
 - Level 2.3 Dodging


You had 4 spell levels left.
You didn't know any spells.
Your spell library was empty.

Dungeon Overview and Level Annotations

Branches:
Dungeon (4/15)
 Temple: D:4-7

Altars:

Annotations:
D:3 3 exclusions, Sigmund


Innate Abilities, Weirdness & Mutations

You reflexively headbutt those who attack you in melee.
You have a pair of horns on your head.


Message History

Level annotation: 3 exclusions, Sigmund
There is a stone staircase leading down, spattered with blood here.
Your skin crawls.
You feel resistant to hostile enchantments.
You are feeling very hungry.
The gnoll barely misses you. The gnoll shaman closely misses you.
You hit the gnoll.
You headbutt the gnoll, but do no damage.
The gnoll is moderately wounded.
You hit the gnoll shaman. The gnoll shaman hits you with a whip.
* * * LOW HITPOINT WARNING * * *
The gnoll misses you.
You hit the gnoll shaman. Your headbutt misses the gnoll shaman.
The gnoll shaman is heavily wounded.
You closely miss the gnoll.
You feel the effects of Trog's Hand fading.
The gnoll shaman hits you with a whip.
* * * LOW HITPOINT WARNING * * *
The gnoll hits you with a club!
You die...

..###########..........# #.#.#...
.......................###.#.)..#
......#######...................#
................###.######.#....#
................# #.# #....#.....
................# #.###.#######.#
................# #.)...#........
#.##............###.#####)#####.#
...............g@g[.............#
............##.#.########.####..#
###.#.....#.##............#.....#
# #.#.....#.####.############..##
# #............[................#
# ####.#####.###.#############.##
# #.#.........................
######.#.###..##.#############.##
.....#.#......##.# #.#.


You could see a gnoll shaman and a gnoll.

Vanquished Creatures
  An orc wizard (D:3)
  2 gnolls (D:4)
  3 adders (D:3)
  An ooze (D:2)
  3 worms
  A dart slug (D:2)
  A leopard gecko (D:1)
  4 orcs (D:3)
  3 giant cockroaches
  9 goblins
  4 hobgoblins
  5 jackals
  6 kobolds
  A quokka (D:3)
  A ball python (D:1)
  7 bats
  2 frilled lizards
  16 rats
70 creatures vanquished.

Notes
Turn   | Place    | Note
-------+----------+-------------------------------------------
     0 | D:1      | Supahsalami the Minotaur Berserker began the quest for the Orb.
     0 | D:1      | Reached XP level 1. HP: 19/19 MP: 0/0
   144 | D:1      | Reached XP level 2. HP: 10/27 MP: 1/1
   336 | D:1      | Reached skill level 4 in Axes
   611 | D:1      | Reached ** piety under Trog
   678 | D:1      | Reached XP level 3. HP: 31/33 MP: 2/2
  1983 | D:3      | Reached XP level 4. HP: 40/41 MP: 3/3
  2400 | D:3      | Reached skill level 5 in Axes
  2403 | D:3      | Noticed Sigmund
  2742 | D:3      | Reached skill level 1 in Throwing
  2816 | D:3      | Reached *** piety under Trog
  3066 | D:3      | Reached XP level 5. HP: 30/47 MP: 4/4
  3139 | D:3      | HP: 1/47 [gnoll shaman/whip (3)]
  3139 | D:3      | Mangled by a gnoll

Vault maps used:
D:1:      erik_arrival_orb_chamber, minmay_tall_x
D:3:      uniq_sigmund

Skill      XL: |  1  2  3  4 |
---------------+-------------+-----
Fighting       | 4 |  4.7
Axes           | 4 5 |  5.4
Armour         | 3 |  3.5
Throwing       | 1 |  1.3
Dodging        | |  2.3

Action                   |  1- 3 |  4- 6 || total
-------------------------+-------+-------++-------
Melee: Hand axe          |    97 |    47 ||   144
       Headbutt          |    14 |    11 ||    25
Throw: Tomahawk          |     2 |     3 ||     5
       Javelin           |     3 |       ||     3
Invok: Trog's Hand       |       |     1 ||     1
  Use: Scroll            |     1 |       ||     1
 Stab: Sleeping          |     1 |       ||     1
  Eat: Chunk             |     3 |     3 ||     6
Armor: Animal skin       |     8 |       ||     8
       Ring mail         |    19 |       ||    19
       Leather armour    |     1 |     4 ||     5
Dodge: Dodged            |    60 |    26 ||    86

Table legend:
 A = Spawn XP
 B = Non-spawn XP
 C = Spawn XP percentage of total XP
 D = Spawn monster count
 E = Non-spawn monster count
 F = Spawn count percentage of total count
 G = Total turns spent on level
                    A         B        C        D         E        F      G
               +---------+---------+-------+---------+---------+-------+---------
         Total |       0 |     236 |   0.0 |       0 |      70 |   0.0 |  3139
               +---------+---------+-------+---------+---------+-------+---------
           D:1 |       0 |      49 |   0.0 |       0 |      33 |   0.0 |  1168
           D:2 |       0 |      42 |   0.0 |       0 |      16 |   0.0 |   702
           D:3 |       0 |     116 |   0.0 |       0 |      19 |   0.0 |  1258
           D:4 |       0 |      29 |   0.0 |       0 |       2 |   0.0 |    11
               +---------+---------+-------+---------+---------+-------+---------
